 Dungeon Crawl Stone Soup version 0.31.0-32-g396128a36d (webtiles) character file.

Game seed: 16247313868043179461

100590 Dadi the Brawler (level 15, -14/172 HPs)
             Began as a Demonspawn Berserker on Mar 29, 2024.
             Was the Champion of Trog.
             Demolished by a merfolk impaler
             ... wielding a +5 trident of venom
              (18 damage)
             ... on level 2 of the Shoals on Mar 30, 2024.
             The game lasted 01:04:14 (25808 turns).

Dadi the Brawler (Demonspawn Berserker)            Turns: 25808, Time: 01:04:14

Health: -14/172    AC: 28    Str: 23    XL:     15   Next: 81%
Magic:  0/19       EV: 12    Int: 13    God:    Trog [******]
Gold:   1183       SH:  0    Dex: 12    Spells: 14/14 levels left

rFire   + .          .
                       - Unarmed
rCold   + + .        (no shield)
rNeg    . . .        W - +1 plate armour "Orocuutti" {Fly rC+ MP-9 Int+3}
rPois   +            C - +2 helmet
rElec   +            q - scarf {rC+ rF+}
rCorr   .            (gloves unavailable)
SInv    .            g - +0 pair of boots
Will    +....        l - amulet "Idumm" {^Drain rElec rPois Regen+ MP+9}
Stlth   x              - +4 ring of protection
HPRegen 1.28/turn    k - +4 ring of protection
MPRegen 0.32/turn

%: guardian spirit
@: berserking, lethally poisoned (-14 -> -20), flying, very quick
A: claws 3, powered by death 1, magic shield, magic regeneration, sturdy frame 2
a: Renounce Religion, Berserk, Trog's Hand, Brothers in Arms


You were on level 2 of the Shoals.
You worshipped Trog.
Trog was exalted by your worship.
You visited 4 branches of the dungeon, and saw 24 of its levels.

You collected 2439 gold pieces.
You spent 1256 gold pieces at shops.

Inventory:

Hand Weapons
 a - the +10 sling "Dofoitifeu" {heavy, +Blink rElec rPois Str-5}
   (You found it on level 6 of the Dungeon)

   Str-5:     It affects your strength (-5).
   rElec:     It insulates you from electricity.
   rPois:     It protects you from poison +Blink: It lets you blink.
 Y - a +2 heavy eveningstar
Missiles
 N - 2 throwing nets (quivered)
Armour
 g - a +0 pair of boots (worn)
 q - a scarf of resistance (worn)
 C - a +2 helmet (worn)
 G - a +0 cloak of willpower
 O - a +0 kite shield
 W - the +1 plate armour "Orocuutti" (worn) {Fly rC+ MP-9 Int+3}
   (You bought it in a shop on level 6 of the Dungeon)

   Int+3:     It affects your intelligence (+3).
   rC+:       It protects you from cold.
   MP-9:      It affects your magic capacity (-9).
   Fly:       It grants you flight.
 Z - a +1 chain mail of fire resistance
Jewellery
 e - a ring of fire
 k - a +4 ring of protection (right claw)
 l - the amulet "Idumm" (around neck) {^Drain rElec rPois Regen+ MP+9}
   (You found it on level 5 of the Lair of Beasts)

   [amulet of regeneration]

   rElec:     It insulates you from electricity.
   rPois:     It protects you from poison MP+9: It affects your magic capacity
   (+9).
   Regen+:    It increases your rate of health regeneration.
   ^Drain:    It drains your maximum health when unequipped.
 o - a ring of fire
 x - a +4 ring of protection (left claw)
Wands
 b - a wand of flame (39)
 B - a wand of digging (14)
 F - a wand of mindburst (35)
 H - a wand of iceblast (35)
 J - a wand of paralysis (4)
 X - a wand of polymorph (11)
Scrolls
 c - 9 scrolls of teleportation
 h - 4 scrolls of fear
 i - 3 scrolls of noise
 p - 3 scrolls of blinking
 r - a scroll of vulnerability
 v - a scroll of torment
 w - 6 scrolls of poison
 y - a scroll of enchant weapon
 D - a scroll of enchant armour
 E - 3 scrolls of fog
 M - 2 scrolls of brand weapon
 R - a scroll of identify
 T - 2 scrolls of revelation
 U - a scroll of immolation
Potions
 d - 3 potions of attraction
 f - 3 potions of mutation
 j - 7 potions of heal wounds
 m - 2 potions of might
 n - 3 potions of lignification
 s - 4 potions of magic
 t - 4 potions of ambrosia
 u - 4 potions of haste
 z - 6 potions of curing
 A - 5 potions of degeneration
 I - 3 potions of enlightenment
 K - a potion of cancellation
 Q - 3 potions of resistance
 V - 3 potions of invisibility
Miscellaneous
 L - a phantom mirror
 P - a sack of spiders
 S - a tin of tremorstones (2/2)


   Skills:
 - Level 10.0 Fighting
 - Level 2.6 Maces & Flails
 - Level 10.0 Armour
 - Level 10.0 Dodging
 + Level 19.8 Unarmed Combat
 - Level 6.0 Invocations
 - Level 5.0 Evocations


You had 14 spell levels left.
You didn't know any spells.
Your spell library was empty.

Dungeon Overview and Level Annotations

Branches:
Dungeon (15/15)            Temple (0/1) D:6            Lair (5/5) D:10
 Shoals (2/4) Lair:3       Spider (0/4) Lair:2        Slime (0/5) Lair:5
    Orc (2/2) D:10            Elf (0/3) Orc:2        Vaults (0/5) D:13
 Depths (0/4) D:15

Altars:
Hepliaklqana
Kikubaaqudgha
Makhleb
Nemelex Xobeh
Vehumet
Xom
Jiyva

Shops:
D:6 *:   D:14 :   Orc:2 :[!!   Shoals:1 :[


Innate Abilities, Weirdness & Mutations

You have claws for hands.
You regenerate a little health from kills.
When hurt, damage is shared between your health and your magic reserves.
You regenerate magic rapidly.
Your movements are less encumbered by armour. (ER -4)


Message History

The merfolk is lightly wounded.
You feel sick.
The merfolk impaler hits you with a +5 trident of venom.
* * * LOW HITPOINT WARNING * * *
You eviscerate the merfolk!!! Your claw misses the merfolk.
The merfolk is almost dead.
You feel sick.
The merfolk hits you but does no damage.
You barely miss the merfolk.
The merfolk is almost dead.
You feel sick.
The merfolk impaler hits you with a +5 trident of venom.
* * * LOW HITPOINT WARNING * * *
You are more poisoned.
You claw the merfolk!
You feel the power of Trog in you as your rage grows.
You kill the merfolk!
Trog accepts your kill.
You hear a splash. x2
You feel very sick.
The merfolk impaler hits you with a +5 trident of venom!
* * * LOW HITPOINT WARNING * * *
You miss the merfolk impaler. Your claw misses the merfolk impaler.
You feel very sick.
You mangle the merfolk impaler!!
The merfolk impaler is moderately wounded.
You feel sick.
The merfolk impaler hits you with a +5 trident of venom!
* * * LOW HITPOINT WARNING * * *
You barely miss the merfolk impaler.
The merfolk impaler is moderately wounded.
You feel sick.
The merfolk impaler hits you with a +5 trident of venom!
* * * LOW HITPOINT WARNING * * *
You mangle the merfolk impaler!!
The merfolk impaler is severely wounded.
* * * LOW HITPOINT WARNING * * *
You feel sick.
The merfolk impaler hits you with a +5 trident of venom!!
You die...

≈≈≈≈≈≈≈≈≈≈≈≈≈≈≈≈≈≈~~~~~≈
≈≈≈≈≈≈≈≈≈≈≈≈≈≈≈≈≈~~~~~~~
≈≈≈≈≈≈≈≈≈≈≈≈≈≈≈≈~~~....~
≈≈≈≈≈≈≈≈≈≈≈≈≈≈≈≈~~...#..
~≈≈≈≈≈≈≈≈≈≈≈≈≈≈≈~~..###.
~≈≈≈≈≈≈≈≈≈≈≈≈≈≈~~..## #.
~≈≈≈≈≈≈≈≈≈≈≈≈≈≈~~..# #.
~≈≈≈≈≈≈≈≈≈≈≈≈≈≈~~.## #.
~≈≈≈≈≈≈@≈≈≈≈≈≈≈~~.# #.
~~≈≈≈≈≈m≈≈≈≈≈≈≈~~.## #.
.~~≈≈≈≈≈≈≈≈≈≈≈≈≈~.>## #.
.~~~≈≈≈≈≈≈≈≈≈≈≈≈~~..# ##
..~~~~≈≈≈≈≈≈≈≈≈≈~...# #
....~~~≈≈≈≈≈≈≈≈≈~~..#
#....~~≈≈≈≈≈≈≈≈≈~~.##
#<...~~~~~~≈≈≈≈≈~~.#
~~≈≈≈≈~~.#####


You could see a merfolk impaler.

Vanquished Creatures
  Donald (Shoals:1)
  A dire elephant (Lair:5)
  Snorg (Lair:5)
  Josephine (D:12)
  A deep elf high priest (D:13)
  Erolcha (D:11)
  6 hydras
  2 ogre magi (Orc:2)
  4 centaur warriors
  2 sphinx zombies (D:15)
  2 catoblepae
  Erica (D:8)
  A merfolk aquamancer (Shoals:2)
  7 two-headed ogres
  3 boulder beetles
  5 death yaks (Lair:5)
  Urug (Lair:5)
  A deep troll shaman (Lair:5)
  A sphinx skeleton (D:15)
  Sonja (Lair:2)
  Nergalle (Orc:2)
  5 skysharks
  2 skeletal warriors (D:15)
  6 sea snakes (Shoals:2)
  A flayed ghost (D:15)
  A deep elf pyromancer (D:15)
  An orc knight (D:10)
  A lindwurm (Lair:5)
  A necromancer (D:15)
  8 orc sorcerers (Orc:2)
  10 ugly things
  5 cyclopes
  2 manticores (Shoals:2)
  14 elephants
  2 fauns (Shoals:2)
  2 meliai (shapeshifter) (D:13)
  4 merfolk sirens
  A meliai (Lair:2)
  The ghost of nitefall the Chopper, a novice MiBe of Trog (D:3)
  Joseph (D:7)
  4 water nymphs
  6 black mambas
  2 torpor snails
  9 cane toads
  A molten gargoyle (D:14)
  2 orange demons (D:10)
  3 unseen horrors
  2 kobold demonologists
  8 komodo dragons
  2 rime drakes
  4 efreet
  4 yaktaurs (D:15)
  Psyche (D:11)
  4 red devils (D:10)
  4 trolls
  10 merfolk
  A wind drake (Shoals:2)
  A queen bee (shapeshifter) (D:15)
  Grinder (D:6)
  5 polar bears
  2 hornets
  12 blink frogs
  A snapping turtle (Shoals:1)
  2 dream sheep (Shoals:1)
  A shadow (D:12)
  14 slime creatures
  4 water elementals
  Eustachio (D:4)
  9 wyverns
  2 vampires
  56 yaks
  9 wraiths
  4 basilisks
  4 steam dragons
  2 wargs (Orc:1)
  Menkaure (D:7)
  3 acid dragons
  16 water moccasins
  Duvessa (D:6)
  5 black bears
  An ice beast (D:6)
  9 orc warriors
  2 sky beasts
  A crocodile (D:11)
  17 ogres
  6 centaurs
  17 wolves
  5 bullfrogs
  2 scorpions (D:6)
  Dowan (D:6)
  6 killer bees
  2 electric eels (D:15)
  3 howler monkeys
  3 bombardier beetles
  Crazy Yiuf (D:6)
  12 orc priests
  A sleepcap (D:6)
  3 hounds
  3 jellies
  3 iguanas (D:11)
  34 orc wizards
  4 hell rats (Lair:4)
  Robin (D:4)
  3 gnolls (D:2)
  3 adders
  2 white imps
  5 ufetubi
  3 dart slugs
  45 orcs
  6 endoplasms
  2 giant cockroaches
  13 goblins
  7 hobgoblins
  4 quokkas
  3 ball pythons
  3 bats
  5 frilled lizards
  9 kobolds
  7 rats
592 creatures vanquished.

Notes
Turn   | Place    | Note
-------+----------+-------------------------------------------
     0 | D:1      | Dadi the Demonspawn Berserker began the quest for the Orb.
     0 | D:1      | Reached XP level 1. HP: 18/18 MP: 1/1
   253 | D:1      | Gained mutation: You regenerate a little health from kills.
                  | [demonic ancestry]
   253 | D:1      | Reached XP level 2. HP: 24/24 MP: 2/2
   492 | D:2      | Reached XP level 3. HP: 7/30 MP: 3/3
   883 | D:2      | Reached ** piety under Trog
  1159 | D:2      | Reached skill level 5 in Fighting
  1159 | D:2      | Gained mutation: You have sharp fingernails. [demonic
                  | ancestry]
  1159 | D:2      | Reached XP level 4. HP: 39/39 MP: 4/4
  1297 | D:3      | Found a runed translucent door.
  1297 | D:3      | Noticed nitefall's ghost (novice MiBe)
  1429 | D:3      | Reached skill level 1 in Unarmed Combat
  1591 | D:3      | Found a faded altar of an unknown god.
  1697 | D:4      | Noticed a water moccasin
  1706 | D:4      | Killed a water moccasin
  1707 | D:4      | Reached skill level 2 in Unarmed Combat
  1707 | D:4      | Reached XP level 5. HP: 44/44 MP: 5/5
  1764 | D:4      | Noticed Robin
  1764 | D:4      | Noticed Eustachio
  1774 | D:4      | Reached skill level 3 in Unarmed Combat
  1908 | D:3      | Gained mutation: You regenerate magic rapidly. [demonic
                  | ancestry]
  1908 | D:3      | Reached XP level 6. HP: 40/52 MP: 6/6
  2102 | D:4      | Found a sparkling altar of Nemelex Xobeh.
  2102 | D:4      | Found a shimmering altar of Xom.
  2158 | D:4      | Killed Robin
  2164 | D:4      | Reached *** piety under Trog
  2599 | D:4      | Killed Eustachio
  2600 | D:4      | Reached skill level 4 in Unarmed Combat
  2600 | D:4      | Gained mutation: When hurt, damage is shared between your
                  | health and your magic reserves. [demonic ancestry]
  2600 | D:4      | Reached XP level 7. HP: 32/58 MP: 7/7
  2730 | D:5      | Entered Level 5 of the Dungeon
  2822 | D:5      | Reached skill level 5 in Unarmed Combat
  3593 | D:6      | Found a runed translucent door.
  3594 | D:6      | Noticed Crazy Yiuf
  3715 | D:6      | Reached skill level 6 in Unarmed Combat
  3715 | D:6      | Gained mutation: You have very sharp fingernails. [demonic
                  | ancestry]
  3715 | D:6      | Reached XP level 8. HP: 56/67 MP: 6/8
  3812 | D:6      | Reached skill level 7 in Unarmed Combat
  3941 | D:6      | Noticed Duvessa
  3941 | D:6      | Noticed Dowan
  3956 | D:6      | Killed Duvessa
  3957 | D:6      | Killed Dowan
  3958 | D:6      | Noticed Grinder
  3976 | D:6      | Paralysed by Grinder for 2 turns
  3983 | D:6      | Paralysed by Grinder for 2 turns
  3990 | D:6      | Paralysed by Grinder for 4 turns
  3998 | D:6      | Killed Grinder
  3999 | D:6      | Reached skill level 8 in Unarmed Combat
  4111 | D:3      | Killed nitefall's ghost
  4112 | D:3      | Reached skill level 9 in Unarmed Combat
  4205 | D:6      | Found a staircase to the Ecumenical Temple.
  4207 | D:6      | Found Hehagg's Assorted Antiques.
  4216 | D:6      | Gained mutation: Your movements are slightly less
                  | encumbered by armour. (ER -2) [demonic ancestry]
  4216 | D:6      | Reached XP level 9. HP: 56/72 MP: 7/9
  4344 | D:6      | Identified the +10 sling "Dofoitifeu" {heavy, +Blink rElec
                  | rPois Str-5}
  4393 | D:6      | Found Ydues's Book Emporium.
  4621 | D:6      | Killed Crazy Yiuf
  4697 | D:7      | Found a hazy altar of Hepliaklqana.
  4765 | D:7      | Noticed Menkaure
  4767 | D:7      | Killed Menkaure
  4796 | D:7      | Found a burning altar of Makhleb.
  4841 | D:7      | Noticed Joseph
  4856 | D:7      | Killed Joseph
  4857 | D:7      | Reached skill level 10 in Unarmed Combat
  5096 | D:7      | You fall into a shaft and drop 3 floors!
  5096 | D:10     | Entered Level 10 of the Dungeon
  5153 | D:10     | Noticed a kobold demonologist
  5175 | D:10     | Killed a kobold demonologist
  5235 | D:10     | Noticed a centaur warrior
  5235 | D:10     | Noticed a boulder beetle
  5252 | D:10     | Killed a centaur warrior
  5253 | D:10     | Reached skill level 11 in Unarmed Combat
  5331 | D:10     | Noticed a brown ugly thing
  5346 | D:10     | Killed a brown ugly thing
  5347 | D:10     | Reached XP level 10. HP: 67/79 MP: 7/10
  5368 | D:10     | Found a staircase to the Lair.
  5376 | D:10     | Found a staircase to the Orcish Mines.
  5387 | D:10     | Reached skill level 12 in Unarmed Combat
  5592 | D:10     | Identified the +4 war axe of the First Curses {drain, Str+7
                  | Int+2}
  5592 | D:10     | Noticed an orc knight
  5611 | D:10     | Killed an orc knight
  6389 | D:8      | Reached **** piety under Trog
  6390 | D:8      | Paralysed by a hornet for 1 turns
  6393 | D:8      | Paralysed by a hornet for 1 turns
  6393 | D:8      | Noticed Erica
  6633 | D:8      | Reached skill level 13 in Unarmed Combat
  6883 | D:8      | Killed Erica
  7350 | D:9      | Noticed a two-headed ogre
  7361 | D:9      | Killed a two-headed ogre
  7362 | D:9      | Reached skill level 14 in Unarmed Combat
  7756 | D:9      | Reached XP level 11. HP: 74/84 MP: 8/11
  8434 | D:10     | Noticed a two-headed ogre
  8446 | D:10     | Killed a two-headed ogre
  8451 | D:10     | Reached skill level 15 in Unarmed Combat
  8578 | D:10     | Noticed a two-headed ogre
  8584 | D:10     | Noticed a two-headed ogre
  8589 | D:10     | Killed a two-headed ogre
  8594 | D:10     | Killed a two-headed ogre
  9050 | D:10     | Reached skill level 16 in Unarmed Combat
  9474 | D:10     | Killed a boulder beetle
  9684 | Lair:1   | Entered Level 1 of the Lair of Beasts
  9820 | Lair:1   | Noticed a catoblepas
  9842 | Lair:1   | Killed a catoblepas
  9842 | Lair:1   | Reached ***** piety under Trog
  9843 | Lair:1   | Gained mutation: Your movements are less encumbered by
                  | armour. (ER -4) [demonic ancestry]
  9843 | Lair:1   | Reached XP level 12. HP: 56/91 MP: 6/12
  9979 | Lair:1   | Reached skill level 17 in Unarmed Combat
 11251 | Lair:2   | Reached skill level 18 in Unarmed Combat
 11554 | Lair:2   | Noticed Sonja
 11568 | Lair:2   | Killed Sonja
 11811 | Lair:2   | Received a gift from Trog
 11930 | Lair:2   | Found a hole to the Spider Nest.
 12495 | Lair:2   | Identified the +0 robe of the Saviour {rF- Str+5}
 12781 | Lair:3   | Gained mutation: You have claws for hands. [demonic
                  | ancestry]
 12781 | Lair:3   | Reached XP level 13. HP: 103/103 MP: 13/13
 13232 | Lair:3   | Reached skill level 10 in Fighting
 13285 | Lair:3   | Found a staircase to the Shoals.
 13968 | D:6      | Bought a warped plate armour for 896 gold pieces
 13968 | D:6      | Identified the +1 plate armour "Orocuutti" {Fly rC+ MP-9
                  | Int+3} (You bought it in a shop on level 6 of the Dungeon)
 14571 | Lair:4   | Reached skill level 5 in Armour
 14571 | Lair:4   | Reached skill level 5 in Dodging
 15279 | Lair:5   | Entered Level 5 of the Lair of Beasts
 15667 | Lair:5   | Noticed Urug
 15686 | Lair:5   | Killed Urug
 15710 | Lair:5   | Identified the +5 chain mail "Bugaydasm" {^Contam rF+
                  | Will+}
 15723 | Lair:5   | Identified the amulet "Idumm" {^Drain rElec rPois Regen+
                  | MP+9}
 16117 | Lair:5   | Noticed Snorg
 16155 | Lair:5   | Killed Snorg
 16156 | Lair:5   | Reached XP level 14. HP: 110/110 MP: 14/14
 16285 | Lair:5   | Found a staircase to the Slime Pits.
 16286 | Lair:5   | Found a viscous altar of Jiyva.
 16427 | Lair:5   | HP: 8/165 [death yak (15)]
 17111 | Orc:1    | Entered Level 1 of the Orcish Mines
 17560 | Orc:2    | Entered Level 2 of the Orcish Mines
 18003 | Orc:2    | Found a staircase to the Elven Halls.
 18107 | Orc:2    | Found Ezam's Distillery.
 18115 | Orc:2    | Reached ****** piety under Trog
 18125 | Orc:2    | Noticed Nergalle
 18297 | Orc:2    | Killed Nergalle
 18387 | Orc:2    | Found a radiant altar of Vehumet.
 18394 | Orc:2    | Found Amoyfifo's Antique Armour Shoppe.
 18432 | Orc:2    | Received a gift from Trog
 18458 | Orc:2    | Found an ancient bone altar of Kikubaaqudgha.
 18483 | Orc:2    | Found Raixzut's Distillery.
 18490 | Orc:2    | Found Qiepleos's Book Emporium.
 18782 | Orc:2    | Bought a potion of resistance for 120 gold pieces
 19384 | D:11     | Noticed Psyche
 19389 | D:11     | Killed Psyche
 19442 | D:11     | Noticed Erolcha
 19448 | D:11     | Killed Erolcha
 20099 | D:12     | Noticed Josephine
 20108 | D:12     | Killed Josephine
 20128 | D:12     | Reached skill level 10 in Armour
 20128 | D:12     | Reached skill level 10 in Dodging
 20165 | D:12     | Reached skill level 1 in Evocations
 20554 | D:12     | Identified the +3 dire flail "Futs" {heavy, rC++} (Trog
                  | gifted it to you on level 12 of the Dungeon)
 20554 | D:12     | Received a gift from Trog
 20846 | D:13     | Reached skill level 5 in Evocations
 20876 | D:13     | Reached skill level 1 in Invocations
 21060 | D:13     | Found a gate to the Vaults.
 21072 | D:13     | Reached XP level 15. HP: 95/115 MP: 14/17
 21653 | D:14     | Found Woidgh Isasa's Book Shop.
 21670 | D:14     | Reached skill level 5 in Invocations
 21902 | D:14     | Found a burning altar of Makhleb.
 21902 | D:14     | Noticed an Executioner
 22456 | D:15     | Entered Level 15 of the Dungeon
 22941 | D:15     | Found a staircase to the Depths.
 24049 | Shoals:1 | Entered Level 1 of the Shoals
 24085 | Shoals:1 | Noticed Donald
 24100 | Shoals:1 | Killed Donald
 24101 | Shoals:1 | Reached skill level 19 in Unarmed Combat
 24143 | Shoals:1 | Found Yfodev's Vocational Training.
 24194 | Shoals:1 | Found Amiova's Antique Armour Boutique.
 24847 | Shoals:1 | Bought a glowing scarf for 240 gold pieces
 25807 | Shoals:2 | HP: 6/172 [merfolk impaler/+5 trident of venom (7)]
 25808 | Shoals:2 | Demolished by a merfolk impaler

Illustrated notes

Levels and vault maps discovered:
D:1:      scummos_arrival_simple_fountains, layout_rooms
D:2:      layout_loops_ring, moated_statue
D:3:      layout_rooms, hellmonk_ecumenical_altar_lost_god,
          gammafunk_ghost_grave
D:4:      layout_rooms, chequers_temple_overflow_statue_of_worship, uniq_robin,
          uniq_eustachio
D:5:      layout_loops_ring
D:6:      layout_basic, minmay_temple_entry_mini_moons, serial_shops,
          nicolae_shop_window_shopping, nicolae_shop_tiny_waterfront,
          uniq_crazy_yiuf_cottage, uniq_duvessa, uniq_grinder
D:7:      minmay_general_purpose_star, layout_cave_pools,
          grunt_temple_overflow_open, nrook_mini_vaults, uniq_menkaure,
          uniq_joseph
D:8:      layout_loops_ring, uniq_erica
D:9:      layout_layer_cave
D:10:     minmay_the_grid_net [minmay_the_grid_tree, minmay_the_grid_square_x,
          minmay_the_grid_minigrid_small, minmay_the_grid_spikes,
          minmay_the_grid_empty, minmay_the_grid_prize_big_room],
          layout_gridville, orc_0_dummy, minivault_11,
          minmay_beelzebubs_servants
D:11:     layout_stronghold, minmay_lizard_king, uniq_psyche, uniq_erolcha
D:12:     layout_stronghold, abandoned_shop, uniq_josephine
D:13:     layout_basic, hellmonk_vaults_attempted_burglary
D:14:     layout_big_octagon, serial_shops, shop,
          hangedman_abyss_or_decor_clamps, makhleb_altar_promises_db
D:15:     gammafunk_depths_entry_grave, layout_small_grid, serial_bayou_ford_a
Lair:1:   layout_regular_city, grunt_forest_large_clearings
Lair:2:   layout_layer_cave, hellmonk_spider_entry_not_the_bees, uniq_sonja
Lair:3:   layout_gridlike, elwin_shoals_entry_stream,
          nicolae_quartered_pool_super, beast_lair_carwin_2
Lair:4:   layout_cave_pods, cheibrodos_lair_caveside_slide,
          serial_bayou_shore_a, grunt_megastairs_2
Lair:5:   grunt_lair_end_beastmaster, layout_cave_pods, slime_entry_1,
          amcnicky_mini_pool_medium, grunt_megastairs_4, uniq_snorg, uniq_urug
Shoals:1: layout_shoals, serial_shops, nicolae_shop_rolling_square,
          ldierk_geyser, nicolae_shop_vocational, uniq_donald
Shoals:2: layout_shoals
Orc:1:    layout_diamond_mine, nicolae_orc_stony_grotto, mines2_david
Orc:2:    kennysheep_orc_mage_school, layout_diamond_mine

Skill      XL: |  1  2  3  4  5  6  7  8  9 10 11 12 13 14 15 |
---------------+----------------------------------------------+-----
Fighting       | 4 5 6 7 9 10 | 10.0
Unarmed Combat | 2 3 4 6 9 11 14 16 18 19 | 19.8
Armour         | 2 7 10 | 10.0
Dodging        | 2 7 10 | 10.0
Evocations     | 5 |  5.0
Invocations    | 3 6 |  6.0
Maces & Flails | |  2.6

Action                     |  1- 3 |  4- 6 |  7- 9 | 10-12 | 13-15 || total
---------------------------+-------+-------+-------+-------+-------++-------
  Melee: Mace              |    37 |       |       |       |       ||    37
         Flail             |    68 |   153 |    59 |       |       ||   280
         Punch             |     1 |     1 |    12 |    36 |   147 ||   197
         Unarmed           |       |       |   110 |   530 |  1117 ||  1757
   Fire: Sling             |       |       |    15 |    44 |   107 ||   166
 Invoke: Berserk           |     1 |     4 |     4 |    10 |     9 ||    28
         Trog's Hand       |       |       |       |     1 |       ||     1
  Evoke: Wand              |       |       |       |       |     1 ||     1
    Use: Scroll            |       |     1 |       |    11 |    21 ||    33
 Armour: Scale mail        |    69 |   206 |   120 |   427 |    88 ||   910
         Plate armour      |       |       |       |       |  1023 ||  1023
  Dodge: Dodged            |    65 |   143 |    84 |   228 |   507 ||  1027
